cohdb
Replays
Latest Replays
All Replays
Popular Replays
Top Player Replays
Match Explorer
How It Works
Community
CoH3 Stats
Reddit
Sign in to upload your games and track your stats! →
Sign in with Steam
Match 46876504
Unlisted
Match 46876504
Overview
Messages
Build Orders
End
Construct Weapon Support Center
Engineer Squad
M1919 Machine Gun Team
M1919 Machine Gun Team
Bazooka Squad
Mechanized Support Center
Selects Heavy Weapons
Selects Assault Carriers
M3 Assault Carrier
M3 Assault Carrier
Selects Exchangeable Parts
Designate Forward Repair Station
Construct Tank Depot
M1919 Machine Gun Team
M4A1 Sherman Medium Tank
Selects M2HB .50cal Heavy Machine Gun
M4A1 Sherman Medium Tank
M1919 Machine Gun Team
M1919 Machine Gun Team
M4A1 Sherman Medium Tank
M4A1 76mm Conversion
Engineer Squad
Improvised Armor
M4A1(76) Sherman Medium Tank
Rapid Repairs
Squirtle
Mad
跪下Kneel
顶尖猎杀者
The101stAirBorne ITA
Capibimbambombolilalone ITA
Konrad Curze
FLOKL
0
0
Comments
sign in to comment!
No comments posted yet!